 Dungeon Crawl Stone Soup version 0.28.0-53-g5a82cb258f (webtiles) character file.

Game seed: 2899184255923702009

16 Descartes the Charlatan (level 2, 0/15 HPs)
             Began as a Deep Elf Wanderer on July 31, 2022.
             Slain by a gnoll
             ... wielding a +0 club
              (6 damage)
             ... on level 1 of the Dungeon.
             The game lasted 00:01:37 (1077 turns).

Descartes the Charlatan (Deep Elf Wanderer)         Turns: 1077, Time: 00:01:38

Health: 0/15       AC:  3    Str:  7    XL:     2   Next: 41%
Magic:  6/6        EV: 12    Int: 13    God:
Gold:   34         SH:  0    Dex: 19    Spells: 4/4 levels left

rFire   . . .      SeeInvis .   a - +0 quarterstaff
rCold   . . .      Faith    .   (shield currently unavailable)
rNeg    . . .      Spirit   .   d - +0 robe
rPois   .          Reflect  .   c - +0 helmet
rElec   .          Harm     .   (no cloak)
rCorr   .          Rampage  .   (no gloves)
Will    .....                   (no boots)
Stlth   ++........              (no amulet)
HPRegen 0.05/turn               (no ring)
MPRegen 0.10/turn               (no ring)

@: no status effects
A: no striking features
a: no special abilities


You were on level 1 of the Dungeon.
You visited 1 branch of the dungeon, and saw 2 of its levels.

You collected 34 gold pieces.

Inventory:

Hand Weapons
 a - a +0 quarterstaff (weapon)
Missiles
 f - 45 sling bullets
 g - 35 stones
 h - 36 bolts
Armour
 c - a +0 helmet (worn)
 d - a +0 robe (worn)
Wands
 b - a wand of iceblast (2) (quivered)
Scrolls
 e - a scroll of immolation {unknown}
 j - 3 scrolls of fog {unknown}
Potions
 i - a potion of flight {unknown}


   Skills:
 + Level 3.0 Staves
 + Level 2.0 Dodging
 - Level 1.2 Stealth
 + Level 1.5 Spellcasting
 + Level 1.1 Conjurations
 - Level 2.0 Invocations
 + Level 3.2 Evocations


You had 4 spell levels left.
You didn't know any spells.
Your spell library was empty.

Dungeon Overview and Level Annotations

Branches:
Dungeon (2/15)

Altars:


Message History

You hit the frilled lizard.
You kill the frilled lizard!
Your Dodging skill increases to level 2!
No target in view!
No target in view!
No target in view!
No target in view!
No target in view!
No target in view!
No target in view!
No target in view!
No target in view!
No target in view!
No target in view!
No target in view!
No target in view!
No target in view!
No target in view!
No target in view!
No target in view!
Done exploring.
Done exploring.
Done exploring.
There is a stone staircase leading down here.
You climb downwards.
There is a stone staircase leading up here.
There are monsters nearby!
The gnoll barely misses you. x2
You climb upwards.
There is a stone staircase leading down here.
You barely miss the gnoll. The gnoll hits you with a +0 club!
Ouch! That really hurt!
You are too injured to fight recklessly!
You are too injured to fight recklessly!
You are too injured to fight recklessly!
You are too injured to fight recklessly!
You are too injured to fight recklessly!
You are too injured to fight recklessly!
You barely miss the gnoll. The gnoll hits you with a +0 club.
You die...

####...# #....#.........# #
.......###....#.........#########
###.......#.###.........#........
..#...#.#..........♣♣♣♣♣..#######
.........##.####..♣♣...♣♣.####...
.........#..####.♣♣.....♣♣..#....
.........#.###...♣.......♣.....).
†........#.###.#.♣.......♣.#.....
..............)g@♣..♣.♣....#.....
......##.#.##.##.♣...⌠.....##....
##.#.....#.##.##.♣..♣.♣....###...
#.###.....#.....♣♣......♣.#####.
#.# ##....#.#...♣#......♣.......
#.# #..........♣......♣♣.......
#.# ##.#.......♣<.♣..♣♣........
#.## #.#.......#♣♣#♣♣♣......)..
#..####....#....................


You could see a gnoll.

Vanquished Creatures
  A bat (D:1)
  2 endoplasms (D:1)
  2 goblins (D:1)
  2 hobgoblins (D:1)
  2 jackals (D:1)
  2 ball pythons (D:1)
  2 frilled lizards (D:1)
  A rat (D:1)
14 creatures vanquished.

Notes
Turn   | Place    | Note
-------+----------+-------------------------------------------
     0 | D:1      | Descartes the Deep Elf Wanderer began the quest for the
                  | Orb.
     0 | D:1      | Descartes set off with the following items: a +0
                  | quarterstaff, a wand of iceblast (2), a +0 helmet, a +0
                  | robe
     0 | D:1      | Reached XP level 1. HP: 10/10 MP: 4/4
   175 | D:1      | Reached skill level 1 in Spellcasting
   313 | D:1      | Reached XP level 2. HP: 11/15 MP: 5/5
   342 | D:1      | Reached skill level 1 in Conjurations
  1077 | D:1      | Slain by a gnoll

Illustrated notes

Levels and vault maps discovered:
D:1:      amcnicky_arrival_underground_garden, layout_rooms
D:2:      layout_basic, uniq_terence

Skill      XL: |  1  2 |
---------------+-------+-----
Spellcasting   | 1 |  1.5
Conjurations   | 1 |  1.1
Dodging        | 2 |  2.0
Staves         | |  3.0
Stealth        | |  1.2
Invocations    | |  2.0
Evocations     | |  3.2

Action                   || total
-------------------------++-------
Melee: Quarterstaff      ||    39
Armor: Robe              ||    13
Dodge: Dodged            ||    24
